 Dungeon Crawl Stone Soup version 0.29.1-2-gbd0b4ee654 (webtiles) character file.

Game seed: 4424894535243720997

26 styxcanada the Sneak (level 2, -2/14 HPs)
             Began as a Spriggan Brigand on Nov 1, 2022.
             Slain by a quokka (4 damage)
             ... on level 2 of the Dungeon.
             The game lasted 00:04:36 (929 turns).

styxcanada the Sneak (Spriggan Brigand)              Turns: 929, Time: 00:04:37

Health: -2/14      AC:  3    Str:  7    XL:     2   Next: 89%
Magic:  3/3        EV: 16    Int: 12    God:
Gold:   55         SH:  0    Dex: 16    Spells: 1/1 levels left

rFire   . . .      SeeInvis +   a - +2 dagger
rCold   . . .      Faith    .   (no shield)
rNeg    . . .      Spirit   .   b - +0 robe
rPois   .          Reflect  .   (helmet restricted)
rElec   .          Harm     .   c - +0 cloak
rCorr   .          Rampage  .   (gloves unavailable)
Will    .....                   (boots unavailable)
Stlth   ++++......              (no amulet)
HPRegen 0.04/turn               (no ring)
MPRegen 0.08/turn               (no ring)

@: lethally poisoned (-2 -> -15), very quick
A: very small, no large weapons, unfitting armour, see invisible, speed 3
a: no special abilities


You were on level 2 of the Dungeon.
You visited 1 branch of the dungeon, and saw 2 of its levels.

You collected 55 gold pieces.

Inventory:

Hand Weapons
 a - a +2 dagger (weapon)
Missiles
 d - 12 poisoned darts (quivered)
 e - 3 curare-tipped darts
 i - 12 stones
Armour
 b - a +0 robe (worn)
 c - a +0 cloak (worn)
Jewellery
 h - an amulet of faith
Scrolls
 g - 3 scrolls of identify {unknown}
 k - 2 scrolls of teleportation {unknown}
 m - a scroll of poison {unknown}
Potions
 f - a potion of flight {unknown}
 j - a potion of might {unknown}
 l - a potion of curing {unknown}


   Skills:
 * Level 1.6 Fighting
 + Level 2.2 Short Blades
 + Level 2.0 Throwing
 * Level 1.7 Dodging
 * Level 7.1 Stealth


You had one spell level left.
You didn't know any spells.
Your spell library was empty.

Dungeon Overview and Level Annotations

Branches:
Dungeon (2/15)

Altars:

Annotations:
D:2 Sigmund


Innate Abilities, Weirdness & Mutations

You are very small and have problems with some larger weapons.
You are too small for most types of armour.
You have supernaturally acute eyesight. (SInv)
You cover ground extremely quickly. (Speed+++)


Message History

d - 12 poisoned darts (gained 2) Sigmund the Dreaded comes into view.
He is wielding a +2 scythe of venom.
Sigmund shouts!
Sigmund drinks a potion.
Sigmund's spells are empowered!
Sigmund flickers, as though insubstantial.
Sigmund points at you and mumbles some strange words.
You are confused.
A quokka comes into view.
Non-targeted confused throw: 12 darts (poison)
Press: ? - help, Q - select action, (/) - cycle Dir - look around, f - activate
Okay, then.
You're too confused to move!
Sigmund casts a spell.
Sigmund flickers and vanishes for a moment.
You bump into the rock wall.
You feel less confused.
You aren't carrying any items that you can evoke.
You hit the quokka.
The quokka is severely wounded.
The quokka closely misses you.
You hit the quokka.
The quokka is almost dead.
The quokka bites you.
You hit the quokka but do no damage.
The quokka is almost dead.
Sigmund drinks a potion.
Sigmund's spells are empowered!
The quokka misses you.
You barely miss the quokka.
The quokka is almost dead.
The quokka misses you. Sigmund misses you.
You barely miss the quokka.
The quokka is almost dead.
The quokka closely misses you.
Sigmund hits you from afar with a +2 scythe of venom!
Ouch! That really hurt!
You are lethally poisoned!
You barely miss the quokka.
The quokka is almost dead.
* * * LOW HITPOINT WARNING * * *
You feel very sick. The quokka bites you.
You die...

############# #...........###
#.########....#### #####†##
###........ #......#
#......######### #......#
#.#....##....... #......#
#..@r......... . #......#
###..##@###... ...
#......###....##.###.##..#
#####'##...#.###.........#
######.##.#....####.......#
#......##.#..................
#.####....#......##.###...##.
#.# ##....#.......... ...#
#.# #....##.......#.# ...#


You could see Sigmund (empowered, invisible) and a quokka.

Vanquished Creatures
  A worm (D:2)
  4 ball pythons (D:1)
  An endoplasm (D:1)
  2 giant cockroaches (D:1)
  3 goblins
  2 hobgoblins (D:1)
  A quokka (D:1)
  2 bats
  A frilled lizard (D:1)
  3 kobolds (D:1)
  3 rats
23 creatures vanquished.

Notes
Turn   | Place    | Note
-------+----------+-------------------------------------------
     0 | D:1      | styxcanada the Spriggan Brigand began the quest for the
                  | Orb.
     0 | D:1      | Reached XP level 1. HP: 10/10 MP: 2/2
    90 | D:1      | Reached skill level 6 in Stealth
   187 | D:1      | Reached XP level 2. HP: 14/14 MP: 3/3
   741 | D:2      | Reached skill level 7 in Stealth
   907 | D:2      | Noticed Sigmund
   929 | D:2      | Slain by a quokka

Illustrated notes

Levels and vault maps discovered:
D:1:      minmay_arrival_semitransparent, layout_basic, minivault_27
D:2:      layout_basic, uniq_natasha, uniq_sigmund

Skill      XL: |  1  2 |
---------------+-------+-----
Stealth        | 6 7 |  7.1
Fighting       | |  1.6
Short Blades   | |  2.2
Throwing       | |  2.0
Dodging        | |  1.7

Action                   || total
-------------------------++-------
Melee: Dagger            ||    47
Throw: Dart              ||     9
 Stab: Sleeping          ||    11
Armor: Robe              ||     3
Dodge: Dodged            ||    27
